cohdb
Replays
Latest Replays
All Replays
Popular Replays
Top Player Replays
Match Explorer
How It Works
Community
CoH3 Stats
Reddit
Sign in to upload your games and track your stats! →
Sign in with Steam
Match 42422089
Unlisted
Match 42422089
Overview
Messages
Build Orders
End
Construct Infanterie Kompanie
Kettenkrad Recon Vehicle
MG 42 Machine Gun Team
Grenadier Squad
Selects Breakthrough Battlegroup
Selects Assault Grenadiers
Grenadier Squad
Construct Luftwaffe Kompanie
Selects 2.5-tonne Cargo Truck
2.5-tonne Cargo Truck
Jäger Squad
Medical Station
Support Elements
Jäger Squad
MG 42 Bunker
Selects Blitzkrieg
2.5-tonne Cargo Truck
Wirbelwind Flakpanzer
Luftwaffe Officer Quarters
Construct Panzer Kompanie
Selects Panzer IV Command Tank Sd.Kfz. 161/1
Panzer IV Command Tank
Selects Smoke Bombing Run
Selects Incendiary Bombing Run
JollyRoger
Zambarau
DreAm
Mael Radec
PiffaWiff
Katujenmies
MakeB
CiCRistoRyti
0
0
Comments
sign in to comment!
No comments posted yet!